 Dungeon Crawl Stone Soup version 0.23-a0-435-g79ed067 (webtiles) character file.

33 galech the Skirmisher (level 3, 25/29 HPs)
             Began as a Demonspawn Fighter on Nov 15, 2018.
             Quit the game on level 2 of the Dungeon.
             The game lasted 00:00:51 (777 turns).

galech the Skirmisher (Demonspawn Fighter)           Turns: 777, Time: 00:00:52

Health: 25/29      AC:  6    Str: 16    XL:     3   Next: 12%
Magic:  3/3        EV:  6    Int:  9    God:
Gold:   21         SH:  9    Dex: 13    Spells: 2/2 levels left

rFire    . . .     SeeInvis .   a - +0 war axe
rCold    . . .     Gourm    .   c - +0 shield
rNeg     . . .     Faith    .   b - +0 scale mail
rPois    .         Spirit   .   (helmet restricted)
rElec    .         Reflect  .   (no cloak)
rCorr    .         Harm     .   (no gloves)
MR       .....                  (no boots)
Stlth    ..........             (no amulet)
HPRegen  0.09/turn              (no ring)
MPRegen  0.08/turn              (no ring)

@: no status effects
A: horns 1, rot immunity
a: no special abilities


You were on level 2 of the Dungeon.
You were not hungry.

You visited 1 branch of the dungeon, and saw 2 of its levels.

You collected 21 gold pieces.

Inventory:

Hand Weapons
 a - a +0 war axe (weapon)
Armour
 b - a +0 scale mail (worn)
 c - a +0 shield (worn)
Scrolls
 e - 4 scrolls of identify {unknown}
 g - a scroll of remove curse {unknown}
 j - a scroll of teleportation {unknown}
 k - a scroll of blinking {unknown}
Potions
 d - a potion of might
 i - a potion of cancellation {unknown}
Comestibles
 f - 3 rations
 h - a chunk of flesh


   Skills:
 + Level 3.3 Fighting
 + Level 2.2 Axes
 + Level 3.1 Armour
 + Level 3.0 Shields


You had 2 spell levels left.
You didn't know any spells.
Your spell library was empty.

Dungeon Overview and Level Annotations

Branches:
Dungeon (2/15)

Altars:
Xom


Innate Abilities, Weirdness & Mutations

You have a pair of small horns on your head.
You are immune to rotting.


Message History

The hobgoblin is severely wounded.
You block the hobgoblin's attack.
You barely miss the hobgoblin.
The hobgoblin is severely wounded.
The hobgoblin hits you but does no damage. x2
Your shield and scale mail prevent you from hitting the hobgoblin.
Your headbutt misses the hobgoblin.
The hobgoblin is heavily wounded.
You block the hobgoblin's attack.
You closely miss the hobgoblin. You headbutt the hobgoblin.
You kill the hobgoblin!
No target in view!
No target in view!
No target in view!
No target in view!
No target in view!
No target in view!
No target in view!
No target in view!
Are you sure you want to abandon this character and quit the game? (Confirm

######...#..<....... #.#
.........#)#............#.#
.........#.#.########...#.#
######...#.#.. ..# #...#)#
##..#.######.# #...#.#
##.#.#....#.# #...#(#
#.#.#.##.#.# #...#.#
#.#.#.##.#.###...#.##
###.#.#....@..........#
#............>###.#####
###)#.####(#...##.# #.#.#
#(#....#.# #.#.# #(#....#.#
#.#.# #(#....#.# #.#.#
#.#....#.# #.#.# #)#....#.#
..#+# #.# #.#


There were no monsters in sight!

Vanquished Creatures
  An adder (D:2)
  A worm (D:2)
  A dart slug (D:1)
  2 leopard geckos (D:1)
  A giant cockroach (D:1)
  3 goblins
  A hobgoblin (D:2)
  2 ball pythons (D:1)
  2 bats (D:1)
  3 kobolds
  3 rats
20 creatures vanquished.

Notes
Turn   | Place    | Note
-------+----------+-------------------------------------------
     0 | D:1      | galech the Demonspawn Fighter began the quest for the Orb.
     0 | D:1      | Reached XP level 1. HP: 18/18 MP: 1/1
   138 | D:1      | Gained mutation: You have a pair of small horns on your
                  | head. [demonic ancestry]
   138 | D:1      | Reached XP level 2. HP: 23/24 MP: 2/2
   330 | D:1      | Found a shimmering altar of Xom.
   703 | D:2      | Gained mutation: You are immune to rotting. [demonic
                  | ancestry]
   703 | D:2      | Reached XP level 3. HP: 24/29 MP: 3/3
   777 | D:2      | Quit the game

Vault maps used:
D:1:      minmay_arrival_checkered_box, xom_teletrap_fun
D:2:      marbit_many_paths, old_standard_altar, first_ration,
          trog_three_pillars_becter

Skill      XL: |  1  2 |
---------------+-------+-----
Armour         | 3 |  3.1
Shields        | 3 |  3.0
Axes           | 2 |  2.2
Fighting       | |  3.3

Action                   || total
-------------------------++-------
Melee: War axe           ||    58
       Headbutt          ||     4
Armor: Scale mail        ||    21
Dodge: Dodged            ||    13
Block: Shield            ||    38

Table legend:
 A = Non-vault XP
 B = Vault XP
 C = Vault XP percentage of total XP
 D = Non-vault monster count
 E = Vault monster count
 F = Vault count percentage of total count
                 A         B        C        D         E       F
            +---------+---------+-------+---------+---------+-------
      Total |      48 |       0 |   0.0 |      20 |       0 |   0.0
            +---------+---------+-------+---------+---------+-------
        D:1 |      24 |       0 |   0.0 |      14 |       0 |   0.0
        D:2 |      24 |       0 |   0.0 |       6 |       0 |   0.0
            +---------+---------+-------+---------+---------+-------
